Map: [ESL] Gresvan

Players

eGGz

  • Race: Zerg Zerg
  • Spawn Location: 5:00

Cham - Winner!

  • Race: Zerg Zerg
  • Spawn Location: 11:00

Event: ESL SC2 Masters 2023 Summer (Regionals)

VOD

Have the link to the VOD?

Description

Time

  • Played on: May 3, 2023, 2:15 p.m.
  • Length: 11:16

All games in this series

Show
View Real Time Build Order
Export as new Build Order

eGGz Zerg 

Build Orders: Hatch First 

Get SALT Encoding   

  12  0:01  Drone  
  13  0:14  Overlord  
  13  0:16  Drone  
  14  0:33  Drone x2  
  16  0:36  Drone  
  17  0:53  Hatchery  
  17  0:55  Drone  
  17  1:00  Drone  
  18  1:09  Extractor  
  17  1:15  Spawning Pool  
  17  1:16  Drone  
  17  1:23  Drone  
  18  1:30  Drone  
  19  1:46  Drone  
  20  1:57  Overlord  
  20  2:02  Queen  
  20  2:05  Queen  
  20  2:06  Drone x2  
  26  2:16  Metabolic Boost  
  26  2:17  Zergling x4  
  28  2:25  Drone  
  28  2:27  Drone  
  30  2:34  Drone  
  31  2:38  Drone  
  32  2:48  Drone  
  32  2:49  Hatchery  
  32  2:53  Evolution Chamber  
  32  2:55  Queen  
  33  3:02  Drone  
  33  3:03  Drone x2  
  36  3:11  Overlord  
  36  3:20  Roach Warren  
  36  3:22  Zerg Ground Armor Level 1  
  35  3:28  Drone  
  35  3:30  Zergling x6  
  35  3:34  Zergling x2  
  40  3:41  Overlord  
  40  3:42  Zergling x4  
  41  3:49  Zergling x2  
  41  4:00  Roach x4  
  48  4:04  Zergling x4  
  48  4:08  Drone x3  
  53  4:20  Zergling x6  
  53  4:21  Zergling x2  
  55  4:27  Drone x2  
  57  4:33  Zergling x2  
  57  4:42  Zergling x4  
  57  4:44  Overlord x5  
  57  4:48  Extractor  
  56  5:02  Zergling x16  
  61  5:11  Roach x4  
  69  5:14  Roach  
  69  5:19  Roach  
  69  5:20  Roach  
  75  5:23  Roach  
  77  5:30  Zergling x8  
  80  5:38  Drone x3  
  81  5:43  Zergling x4  
  79  5:51  Ravager  
  79  5:55  Zergling x12  
  83  5:59  Zergling x6  
  77  6:07  Zergling x4  
  77  6:09  Lair  
  78  6:15  Zergling x6  
  78  6:16  Zergling x2  
  78  6:19  Ravager  
  78  6:20  Zergling x4  
  78  6:21  Zergling x2  
  65  6:33  Zergling x8  
  65  6:39  Drone x3  
  67  6:41  Zerg Missile Weapons Level 1  
  67  6:45  Roach x3  
  71  6:48  Roach  
  71  6:54  Roach  
  71  6:55  Roach  
  74  7:02  Roach x3  
  74  7:06  Roach x2  
  79  7:14  Zergling x2  
  79  7:15  Zergling x8  
  77  7:28  Glial Reconstitution  
  77  7:38  Hatchery  
  77  7:41  Roach x3  
  77  7:42  Extractor x2  
  80  7:52  Drone  
  80  7:53  Drone x2  
  87  7:58  Roach x2  
  87  8:08  Spire, Drone x4  
  88  8:15  Roach x2  
  92  8:24  Evolution Chamber  
  91  8:32  Overlord  
  85  8:56  Roach  
  85  8:57  Roach x8  
  85  9:01  Roach x2  
  106  9:04  Overlord  
  106  9:08  Overlord  
  104  9:23  Roach x6  
  112  9:31  Mutalisk x2  
  112  9:37  Spine Crawler  
  115  9:38  Overlord, Spine Crawler  
  115  9:44  Mutalisk x2  
  114  9:47  Mutalisk  
  97  10:12  Mutalisk x3  
  97  10:19  Mutalisk  
  87  10:21  Queen  
  87  10:22  Queen  
  87  10:24  Spine Crawler  
  69  10:30  Mutalisk  
  71  10:36  Spine Crawler x2  
  67  10:45  Mutalisk x2  
Show
View Real Time Build Order
Export as new Build Order

Cham Zerg - Winner!

Build Orders: Hatch First 

Get SALT Encoding   

  12  0:01  Drone  
  13  0:13  Overlord  
  13  0:17  Drone  
  14  0:31  Drone x2  
  16  0:49  Hatchery  
  15  0:53  Drone  
  16  0:58  Drone  
  17  1:09  Spawning Pool  
  16  1:13  Drone  
  16  1:17  Extractor  
  16  1:18  Drone  
  17  1:22  Drone  
  18  1:30  Drone  
  19  1:48  Drone  
  19  1:54  Drone  
  21  2:00  Queen x2  
  25  2:01  Drone  
  25  2:02  Overlord  
  26  2:14  Drone x2  
  28  2:18  Metabolic Boost  
  28  2:25  Zergling x4  
  30  2:35  Hatchery  
  29  2:43  Drone, Baneling Nest  
  29  2:48  Zergling x2  
  29  2:49  Overlord  
  30  2:52  Drone  
  31  3:01  Drone x2  
  33  3:10  Drone x3  
  33  3:11  Drone  
  37  3:13  Zergling x2  
  37  3:14  Zergling x2  
  37  3:15  Zergling x2  
  37  3:18  Zergling x2  
  41  3:23  Zergling x2  
  41  3:24  Overlord  
  42  3:27  Baneling x2  
  42  3:33  Drone, Zergling x2  
  44  3:35  Baneling x2  
  44  3:42  Overlord  
  44  3:44  Drone x2  
  47  3:48  Drone x3  
  47  3:49  Drone  
  47  3:53  Overlord  
  50  3:58  Drone x2  
  51  4:08  Drone x2  
  51  4:09  Roach Warren  
  51  4:14  Overlord  
  51  4:15  Drone x3  
  54  4:18  Zergling x6  
  54  4:20  Zergling x2  
  58  4:24  Extractor  
  58  4:25  Extractor  
  58  4:28  Drone x3  
  57  4:38  Drone x3  
  57  4:44  Lair  
  57  4:45  Overlord  
  58  4:46  Queen  
  58  4:48  Drone x2  
  62  4:52  Evolution Chamber  
  62  4:54  Drone x3  
  62  4:55  Drone  
  62  4:56  Drone  
  66  5:01  Overlord  
  66  5:04  Roach x2  
  66  5:06  Roach  
  70  5:08  Roach  
  70  5:13  Overlord  
  72  5:15  Roach x2  
  73  5:24  Roach  
  74  5:29  Roach x2  
  74  5:30  Roach x2  
  74  5:32  Roach  
  81  5:36  Roach x2  
  81  5:40  Roach  
  81  5:41  Roach  
  87  5:44  Ravager x2  
  87  5:47  Roach  
  87  5:49  Roach x2  
  88  5:51  Ravager  
  88  5:52  Roach  
  88  5:55  Roach  
  90  5:58  Roach  
  90  6:00  Roach  
  90  6:03  Roach  
  91  6:09  Zerg Missile Weapons Level 1  
  89  6:11  Zergling x2  
  89  6:12  Zergling x6  
  89  6:18  Roach x2  
  91  6:20  Roach  
  91  6:24  Roach  
  87  6:25  Roach  
  87  6:31  Roach  
  85  6:39  Hatchery, Zergling x6  
  86  6:40  Zergling x2  
  86  6:43  Glial Reconstitution  
  87  6:49  Roach x2  
  87  6:52  Zergling x4  
  92  7:05  Zergling x10  
  89  7:14  Baneling  
  88  7:18  Drone  
  88  7:19  Roach x2, Drone x2  
  91  7:26  Roach x3  
  95  7:30  Drone  
  95  7:34  Drone  
  97  7:39  Drone  
  98  7:44  Overlord  
  98  7:49  Overlord  
  98  7:50  Extractor  
  98  7:51  Overlord  
  97  8:00  Overlord  
  97  8:03  Roach x4  
  105  8:06  Overlord x2  
  105  8:09  Roach x2  
  109  8:13  Drone x2  
  109  8:15  Zerg Missile Weapons Level 2  
  109  8:16  Queen  
  112  8:20  Drone  
  112  8:25  Roach x2  
  112  8:26  Roach x4  
  124  8:30  Ravager x2  
  124  8:32  Roach  
  126  8:35  Overlord  
  126  8:36  Drone  
  127  8:42  Roach  
  127  8:43  Baneling x2  
  129  8:49  Roach  
  129  8:50  Roach x2  
  129  8:55  Roach x3  
  139  8:59  Roach x3  
  139  9:02  Roach  
  146  9:04  Roach  
  146  9:06  Roach x2  
  152  9:16  Roach  
  153  9:27  Overlord x2  
  153  9:30  Overlord x2  
  153  9:33  Extractor  
  153  9:34  Overlord  
  152  9:43  Roach  
  154  9:45  Overlord x2  
  152  9:54  Roach x4  
  152  9:55  Roach x3  
  144  10:10  Hydralisk Den  
  144  10:12  Roach x9, Hydralisk Den  
  151  10:23  Overlord  
  151  10:27  Queen x2, Spore Crawler x2  
  147  10:44  Hydralisk x6  
Tags
 
Add a new tag
Caveats
  • Supply blocks, unpowered buildings, or Contaminate may cause inaccurate times.
  • Supply counts are checked every 10 seconds.